 Dungeon Crawl Stone Soup version 0.30-b1-2-g02819fbbbe (webtiles) character file.

Game seed: 7402466700610723892

10 protoss039 the Digger (level 2, 20/20 HPs)
             Began as a Demonspawn Earth Elementalist on July 4, 2023.
             Got out of the dungeon alive.
             The game lasted 00:00:48 (253 turns).

protoss039 the Digger (DsEE)                         Turns: 253, Time: 00:00:48

Health: 20/20      AC:  2    Str:  8    XL:     2   Next: 10%
Magic:  3/5        EV: 12    Int: 16    God:
Gold:   27         SH:  0    Dex: 13    Spells: 4/5 levels left

rFire   . . .        d - +0 spear
rCold   + . .        (no shield)
rNeg    . . .        a - +0 robe
rPois   .            (helmet restricted)
rElec   .            (no cloak)
rCorr   .            (no gloves)
SInv    .            (no boots)
Will    .....        (no amulet)
Stlth   ++           f - ring of protection from cold
HPRegen 0.23/turn    (no ring)
MPRegen 0.09/turn

%: no passive effects
@: no status effects
A: antennae 1
a: no special abilities


You escaped.
You visited 1 branch of the dungeon, and saw 1 of its levels.

You collected 27 gold pieces.

Inventory:

Hand Weapons
 d - a +0 spear (weapon)
Armour
 a - a +0 robe (worn)
Jewellery
 f - a ring of protection from cold (left hand)
Scrolls
 c - a scroll of identify {unknown}
 e - a scroll of silence {unknown}
Potions
 b - a potion of magic


   Skills:
 + Level 0.8 Fighting
 - Level 1.7 Dodging
 - Level 1.7 Stealth
 + Level 2.2 Spellcasting
 - Level 0.8 Transmutations
 + Level 2.9 Earth Magic


You had 4 spell levels left.
You knew the following spells:

 Your Spells              Type           Power      Damage    Failure   Level
a - Sandblast             Erth           22%        2d7       6%          1

Your spell library contained the following spells:

 Spells                   Type           Power      Damage    Failure   Level
 Passwall                 Tmut/Erth      5%         N/A       14%         2
 Stone Arrow              Conj/Erth      12%        3d7       32%         3
 Petrify                  Tmut/Erth      7%         N/A       67%         4


Dungeon Overview and Level Annotations

Branches:
Dungeon (1/15) Zot: 5742

Altars:

Annotations:
D:1 exclusion: 2 jackals


Innate Abilities, Weirdness & Mutations

You have a pair of small antennae on your head.


Message History

A quokka is nearby!
A kobold comes into view. It is wielding a +0 dagger.
Found a scale mail.
There is an open door here.
Casting: Sandblast (safe; 6% risk of failure)
Confirm with . or Enter, or press ? or * to list all spells.
Aiming: Sandblast (safe; 6% risk of failure)
Press: ? - help, Shift-Dir - straight line, f - quokka
Aim: a quokka (asleep, 100% to hit)
The blast of sand hits the quokka but does no damage.
The kobold shouts!
Casting: Sandblast (safe; 6% risk of failure)
Confirm with . or Enter, or press ? or * to list all spells.
Aiming: Sandblast (safe; 6% risk of failure)
Press: ? - help, Shift-Dir - straight line, f/p - quokka
Aim: a quokka (75% to hit)
The blast of sand misses the quokka.
The blast of sand hits the kobold!
You kill the kobold!
The quokka barely misses you.
You have reached level 2!
Your demonic ancestry asserts itself...
A pair of antennae grows on your head!
Unknown command.
Unknown command.
Unknown command.
You barely miss the quokka. The quokka bites you.
You closely miss the quokka. The quokka barely misses you.
The quokka bites you.
You closely miss the quokka. The quokka barely misses you.
You closely miss the quokka.
The quokka bites you but does no damage.
You hit the quokka.
You kill the quokka!
No target in view!
No target in view!
You see here a frilled lizard corpse.
You see here a hobgoblin corpse.
There is a staircase leading out of the dungeon here.
Are you sure you want to leave the Dungeon?
This will make you lose the game!
You have escaped!

#...#......#...###.#
#..............# #.#
#..............###.#
#.#....................h.
######.##8.8###8.8.........h.#
#........#.#####.#.....!......
#...###.#.#.#.#.#.#.####.#.##.#
+. .....#.......#.# #.#.# #
###...#...@...#.# #.#.#
###.#.......#.. ..#..
#.#.#.#.#.# .#.#####.# #.# #.#
#.# #.# #.#####.# #.......#
#########


There were no monsters in sight!

Vanquished Creatures
  2 ball pythons (D:1)
  An endoplasm (D:1)
  A hobgoblin (D:1)
  A kobold (D:1)
  A quokka (D:1)
  3 frilled lizards (D:1)
9 creatures vanquished.

Notes
Turn   | Place    | Note
-------+----------+-------------------------------------------
     0 | D:1      | protoss039 the Demonspawn Earth Elementalist began the
                  | quest for the Orb.
     0 | D:1      | Reached XP level 1. HP: 13/13 MP: 3/3
   225 | D:1      | Gained mutation: You have a pair of small antennae on your
                  | head. [demonic ancestry]
   225 | D:1      | Reached XP level 2. HP: 20/20 MP: 1/5
   253 | D:$      | Got out of the dungeon alive.

Illustrated notes

Levels and vault maps discovered:
D:1:      psy_arrival_basics, layout_basic, serial_shops, nicolae_lakefront_shop

Action                     || total
---------------------------++-------
  Melee: Spear             ||    20
   Cast: Sandblast         ||     8
 Armour: Robe              ||     2
  Dodge: Dodged            ||    13
